Description

Do you want to dominate the Protoss vs Zerg early game and secure a win before the mid-game? Look no further than this 2 base blink all-in from Astrea.

VOD

https://www.youtube.com/watch?v=XqQ1U_S_VYE

Replay - Astrea v Lambo: Game 3 - [ESL] Tropical Sacrifice

Build Order

Get SALT Encoding   

  12  0:00  Probe  
  13  0:12  Probe  
  14  0:17  Pylon  
  14  0:24  Probe (Chrono Boost)  
  16  0:36  Probe (Chrono Boost)  
  16  0:40  Gateway  
  16  0:43  Probe (Chrono Boost)  
  17  0:51  Probe  
  17  0:52  Assimilator  
  18  1:03  Probe  
  19  1:15  Probe  
  20  1:25  Nexus  
  20  1:28  Probe  
  21  1:38  Cybernetics Core  
  21  1:45  Assimilator  
  21  1:47  Probe  
  21  1:53  Pylon  
  23  2:12  Adept (Chrono Boost)  
  23  2:15  Warp Gate  
  27  2:23  Twilight Council  
  28  2:33  Stalker (Chrono Boost)  
  33  2:55  Robotics Facility  
  36  3:13  Blink (Chrono Boost)  
  36  3:15  Gateway  
  38  3:25  Adept  
  42  3:37  Pylon  
  42  3:41  Warp Prism (Chrono Boost)  
  46  3:52  Pylon  
  48  4:04  Adept  
  48  4:07  Assimilator  
  48  4:09  Adept  
  53  4:14  Observer  
  54  4:22  Gateway x3  
  54  4:27  Gateway  
  54  4:37  Gateway  
  54  4:44  Stalker x2  
  58  4:51  Pylon  
  58  5:10  Stalker x2  
  62  5:18  Stalker x2  
  66  5:29  Stalker x2  
  66  5:31  Observer  
  70  5:36  Stalker  
  80  5:54  Observer  
  90  6:17  Adept  
  90  6:39  Zealot  
  94  6:49  Adept  
  108  7:17  Observer  
  106  7:32  Gateway  
  106  7:35  Zealot  
  106  7:36  Adept  
  110  7:43  Observer  
  112  8:06  Observer  
  112  8:07  Zealot x3  
  128  9:00  Observer  
  128  9:22  Zealot  
Spawning Tool Build Advisor. Get it on Overwolf

Analysis

The key to this attack is to avoid taking damage on the stalkers, kiting away from lings, and avoiding hard engagements unless you sense weakness. Astrea focuses on using chokes and blinking big chunks of units back while running away with the rest. The idea is that if the zerg played it correctly with a relatively low drone count, your stalker count will snowball out of control if you don’t lose any. Of course, that means if your opponent overdroned, you can just kill them. Neat, right? And those 4 adepts? Send them to a mineral line of your choice and force your opponent to react to them.

Go to:

Details

  • Created by: ESChamp    
  • Published on: Mar 16, 2023
  • Patch: 5.0.11
  • Difficulty: Medium
Show
View Real Time Build Order
Export as new Build Order

Comments (2)

On Nov. 4, 2023, 2:45 p.m., Arcuras  said:

But it will work

On Nov. 4, 2023, 2:41 p.m., Arcuras  said:

This build order is a little complicated and long

Create an account to comment!